 Dungeon Crawl Stone Soup version 0.29-a0-982-gaed3a0c8d8 (webtiles) character file.

Game seed: 17435320134530667408

4 Sabo the Conjurer (level 1, -2/14 HPs)
             Began as a Draconian Conjurer on Aug 1, 2022.
             Frozen to death by an endoplasm (5 damage)
             ... on level 1 of the Dungeon.
             The game lasted 00:02:32 (374 turns).

Sabo the Conjurer (Draconian Conjurer)               Turns: 374, Time: 00:02:33

Health: -2/14      AC:  4    Str:  9    XL:     1   Next: 58%
Magic:  3/3        EV: 12    Int: 18    God:
Gold:   24         SH:  0    Dex:  9    Spells: 3/4 levels left

rFire   . . .      SeeInvis .   b - +0 short sword
rCold   . . .      Faith    .   (no shield)
rNeg    . . .      Spirit   .   (body armour unavailable)
rPois   .          Reflect  .   (helmet restricted)
rElec   .          Harm     .   (no cloak)
rCorr   .          Rampage  .   (no gloves)
Will    .....                   (no boots)
Stlth   ++........              (no amulet)
HPRegen 0.04/turn               (no ring)
MPRegen 0.08/turn               (no ring)

@: slowed, very slow
A: AC +4, unfitting armour, cold-blooded
a: no special abilities


You were on level 1 of the Dungeon.
You visited 1 branch of the dungeon, and saw 1 of its levels.

You collected 24 gold pieces.

Inventory:

Hand Weapons
 b - a +0 short sword (weapon)
Missiles
 c - 5 boomerangs (quivered)


   Skills:
 + Level 1.7 Dodging
 + Level 1.7 Stealth
 + Level 2.1 Spellcasting
 + Level 4.1 Conjurations


You had 3 spell levels left.
You knew the following spells:

 Your Spells              Type           Power      Damage    Failure   Level
a - Magic Dart            Conj           64%        1d6       3%          1

Your spell library contained the following spells:

 Spells                   Type           Power      Damage    Failure   Level
 Searing Ray              Conj           32%        2d5       4%          2
 Dazzling Flash           Conj/Hex       18%        N/A       22%         3
 Fulminant Prism          Conj/Hex       4%         3d6       58%         4
 Iskenderun's Mystic Bla  Conj/Tloc      9%         2d4       58%         4


Dungeon Overview and Level Annotations

Branches:
Dungeon (1/15)

Altars:


Innate Abilities, Weirdness & Mutations

Your plain brown scales are hard. (AC +4)
You cannot fit into any form of body armour.
You are cold-blooded and may be slowed by cold attacks.


Message History

The magic dart hits the endoplasm.
You kill the endoplasm!
The endoplasm quivers.
The hobgoblin shouts!
You hear a shout!
A hobgoblin comes into view.
Casting: Magic Dart (safe; 3% risk of failure)
Confirm with . or Enter, or press ? or * to list all spells.
Aiming: Magic Dart (safe; 3% risk of failure)
Press: ? - help, Shift-Dir - straight line, f - hobgoblin
Aim: a hobgoblin (100% to hit)
The magic dart hits the hobgoblin.
You kill the hobgoblin!
You hit the endoplasm but do no damage. The endoplasm closely misses you.
You hit the endoplasm but do no damage.
A bat comes into view.
The endoplasm hits you.
A rat comes into view.
You hit the endoplasm.
The endoplasm is heavily wounded.
The endoplasm barely misses you. The hobgoblin hits you.
You hit the endoplasm.
The endoplasm is severely wounded.
The endoplasm freezes you.
You are frozen.
You feel yourself slow down. The hobgoblin hits you.
You closely miss the hobgoblin.
Your tail-slap misses the hobgoblin.
The endoplasm hits you but does no damage.
The hobgoblin hits you.
* * * LOW HITPOINT WARNING * * *
The hobgoblin hits you.
* * * LOW HITPOINT WARNING * * *
The endoplasm freezes you.
You are frozen.
* * * LOW HITPOINT WARNING * * *
A goblin comes into view. It is wielding a +0 club.
Magic courses through your body.
The endoplasm hits you but does no damage.
The hobgoblin closely misses you. The endoplasm freezes you.
You are frozen.
You die...

# .# ##
#. #.. ..
..# #.
#.###.
#..b#
#rJg##.#
#...#@..#
#.. ##..#
... #...#
#(. ...#
.. .#...
. ...## #
##


You could see an endoplasm, a hobgoblin, a bat and a rat.

Vanquished Creatures
  An endoplasm (D:1)
  A hobgoblin (D:1)
  A kobold (D:1)
  2 rats (D:1)
5 creatures vanquished.

Notes
Turn   | Place    | Note
-------+----------+-------------------------------------------
     0 | D:1      | Sabo the Draconian Conjurer began the quest for the Orb.
     0 | D:1      | Reached XP level 1. HP: 14/14 MP: 3/3
   374 | D:1      | Frozen to death by an endoplasm

Illustrated notes

Levels and vault maps discovered:
D:1:      dpeg_arrival_erosion, layout_basic, serial_shops, shop,
          dk_noncrumbling_3, minmay_vboxes

Action                   || total
-------------------------++-------
Melee: Short sword       ||     5
 Cast: Magic Dart        ||     9
  Use: Potion            ||     1
Armor: Skin              ||     2
Dodge: Dodged            ||     4

Table legend: (Time is in decaauts)
 A = Elapsed time spent in this place.
 B = Non-inter-level travel time spent in this place.
 C = Inter-level travel time spent in this place.
 D = Time resting spent in this place.
 E = Time spent auto-exploring this place.
 F = Levels seen in this place.
 G = Mean time per level.
                   A        B        C        D        E       F      G
               +--------+--------+--------+--------+--------+-----+--------+
         Total |    374 |    374 |      0 |    169 |      0 |   1 |  374.0 |
       Dungeon |    374 |    374 |      0 |    169 |      0 |   1 |  374.0 |
               +--------+--------+--------+--------+--------+-----+--------+

Top non-repeatable levels by time:
     D:1: 374 daAuts
